 Dungeon Crawl Stone Soup version 0.28-a0-751-gef3a642a4e (webtiles) character file.

Game seed: 8132900862982011981

44 flotson the Sneak (level 3, -3/29 HPs)
             Began as a Demonspawn Delver on Oct 30, 2021.
             Slain by a gnoll (7 damage)
             ... on level 4 of the Dungeon.
             The game lasted 00:01:03 (391 turns).

flotson the Sneak (Demonspawn Delver)                Turns: 391, Time: 00:01:04

Health: -3/29      AC:  3    Str: 13    XL:     3   Next: 39%
Magic:  3/3        EV: 12    Int: 11    God:
Gold:   13         SH:  0    Dex: 14    Spells: 2/2 levels left

rFire   . . .      SeeInvis .   a - +0 hand axe
rCold   . . .      Faith    .   (no shield)
rNeg    . . .      Spirit   .   b - +0 leather armour
rPois   .          Reflect  .   (no helmet)
rElec   .          Harm     .   (no cloak)
rCorr   .          Rampage  .   (no gloves)
Will    .....                   (no boots)
Stlth   +.........              (no amulet)
HPRegen 0.09/turn               (no ring)
MPRegen 0.08/turn               (no ring)

@: lit by a corona, glowing
A: foul stench 2
a: no special abilities


You were on level 4 of the Dungeon.
You visited 1 branch of the dungeon, and saw 2 of its levels.

You collected 13 gold pieces.

Inventory:

Hand Weapons
 a - a +0 hand axe (weapon)
Missiles
 f - 3 boomerangs (quivered)
Armour
 b - a +0 leather armour (worn)
Wands
 g - a wand of digging (3)
Scrolls
 c - a scroll of fog
 d - 2 scrolls of magic mapping
 e - a scroll of fear
Potions
 h - a potion of brilliance {unknown}


   Skills:
 + Level 3.1 Fighting
 + Level 2.0 Axes
 + Level 0.5 Throwing
 + Level 0.5 Armour
 + Level 2.0 Dodging
 - Level 5.1 Stealth


You had 2 spell levels left.
You didn't know any spells.
Your spell library was empty.

Dungeon Overview and Level Annotations

Branches:
Dungeon (5/15)
 Temple: D:4-7

Altars:


Innate Abilities, Weirdness & Mutations

You sometimes emit foul miasma when damaged in melee.


Message History

The gnoll shaman is healed somewhat.
The gnoll shaman is engulfed in dark miasma.
The gnoll shaman looks even sicker.
The gnoll shaman seems to slow down.
The gnoll shaman hits you but does no damage.
You closely miss the gnoll shaman.
The gnoll shaman is heavily wounded.
The gnoll shaman is engulfed in dark miasma.
The gnoll shaman looks even sicker.
You kill the gnoll shaman!
Your Axes skill increases to level 2!
Your Dodging skill increases to level 2!
You have reached level 3!
Your experience leads to an increase in your attributes!
Increase (S)trength, (I)ntelligence, or (D)exterity?
You feel stronger.
Your demonic ancestry asserts itself...
Your foul stench grows more powerful.
A gnoll comes into view. It is wielding a +0 club.
The gnoll shouts!
Throw: 3 boomerangs
Press: ? - help, Q - select action Shift-Dir - straight line, f - gnoll
Aim: a gnoll, wielding a +0 club and wearing a +0 scale mail (67% to hit)
You throw a boomerang. The boomerang closely misses the gnoll.
You hit the gnoll.
The gnoll is lightly wounded.
The gnoll barely misses you.
You hit the gnoll.
The gnoll is moderately wounded.
The gnoll hits you with a +0 club.
You hit the gnoll.
The gnoll is heavily wounded.
The gnoll closely misses you.
You hit the gnoll.
The gnoll is heavily wounded.
The gnoll hits you with a +0 club.
You barely miss the gnoll.
The gnoll is heavily wounded.
The gnoll hits you with a +0 club.
* * * LOW HITPOINT WARNING * * *
The gnoll hits you with a +0 club!
You die...

## ##...
#)##..#
#..#..# .#
#.#...#+#..#
#.##......#
#. #g.....#
#. #.######
#. #.##### #.
#..g@.# #.
#####.#
#.######.#
##........#
..........#
########..#.
#..#.# #..#.#
#######..#.##


You could see a gnoll.

Vanquished Creatures
  A gnoll shaman (D:4)
  A hound zombie (D:5)
  A quokka (D:5)
3 creatures vanquished.

Vanquished Creatures (others)
  2 plants (D:4)
2 creatures vanquished.

Grand Total: 5 creatures vanquished

Notes
Turn   | Place    | Note
-------+----------+-------------------------------------------
     0 | D:5      | flotson the Demonspawn Delver began the quest for the Orb.
     0 | D:5      | Reached XP level 1. HP: 18/18 MP: 1/1
   133 | D:5      | Reached skill level 5 in Stealth
   133 | D:5      | Gained mutation: You may rarely emit foul miasma when
                  | damaged in melee. [demonic ancestry]
   133 | D:5      | Reached XP level 2. HP: 9/24 MP: 2/2
   138 | D:5      | Noticed an ice beast
   372 | D:4      | Gained mutation: You sometimes emit foul miasma when
                  | damaged in melee. [demonic ancestry]
   372 | D:4      | Reached XP level 3. HP: 19/29 MP: 3/3
   391 | D:4      | Slain by a gnoll

Illustrated notes

Levels and vault maps discovered:
D:4:      layout_loops_ring, dancing_weapons_uskayaw,
          mainiacjoe_overflow_tiny_flanked, grunt_qazlal_sundering,
          serial_shops, kennysheep_mini_moat, serial_bayou_pond_d,
          minmay_shop_damaged, minivault_5, chequers_serial_rivers_micro_d
D:5:      minmay_clustersquares, layout_layer_cave, temple_green, uniq_duvessa,
          uniq_eustachio

Skill      XL: |  1  2 |
---------------+-------+-----
Stealth        | 5 |  5.1
Axes           | 2 |  2.0
Dodging        | 2 |  2.0
Fighting       | |  3.1
Throwing       | |  0.5
Armour         | |  0.5

Action                   || total
-------------------------++-------
Melee: Hand axe          ||    23
Throw: Boomerang         ||     1
  Use: Potion            ||     1
Armor: Leather armour    ||     3
Dodge: Dodged            ||    10

Table legend: (Time is in decaauts)
 A = Elapsed time spent in this place.
 B = Non-inter-level travel time spent in this place.
 C = Inter-level travel time spent in this place.
 D = Time resting spent in this place.
 E = Time spent auto-exploring this place.
 F = Levels seen in this place.
 G = Mean time per level.
                   A        B        C        D        E       F      G
               +--------+--------+--------+--------+--------+-----+--------+
         Total |    383 |    383 |      0 |    173 |    147 |   2 |  191.5 |
       Dungeon |    383 |    383 |      0 |    173 |    147 |   2 |  191.5 |
               +--------+--------+--------+--------+--------+-----+--------+

Top non-repeatable levels by time:
     D:5: 317 daAuts
     D:4: 66 daAuts
